 Dungeon Crawl Stone Soup version 0.27.1-35-g4d5d836560 (webtiles) character file.

Game seed: 6955627867872469260

903 vvl the Stinger (level 7, -8/52 HPs)
             Began as a Demonspawn Venom Mage on Mar 9, 2022.
             Mangled by an ogre (21 damage)
             ... on level 5 of the Dungeon.
             The game lasted 00:13:40 (6820 turns).

vvl the Stinger (Demonspawn Venom Mage)             Turns: 6820, Time: 00:13:40

Health: -8/52      AC: 14    Str: 10    XL:     7   Next: 80%
Magic:  5/12       EV: 11    Int: 19    God:
Gold:   195        SH:  6    Dex: 13    Spells: 7/12 levels left

rFire    . . .     SeeInvis .   c - +0 scimitar
rCold    . . .     Faith    .   (no shield)
rNeg     . . .     Spirit   .   s - +4 ring mail "Dimal" {Str+2}
rPois    .         Reflect  .   m - +0 helmet
rElec    .         Harm     .   g - +1 cloak {Stlth+}
rCorr    .         Rampage  .   (no gloves)
Will     .....                  b - +0 pair of boots
Stlth    ++........             (no amulet)
HPRegen  0.17/turn              (no ring)
MPRegen  0.13/turn              (no ring)

@: no status effects
A: talons 1, large bone plates 2, demonic guardian 1
a: no special abilities


You were on level 5 of the Dungeon.
You visited 1 branch of the dungeon, and saw 5 of its levels.

You collected 195 gold pieces.

Inventory:

Hand Weapons
 c - a +0 scimitar (weapon)
Armour
 a - a +0 robe
 b - a +0 pair of boots (worn)
 g - a +1 cloak of stealth (worn)
 m - a +0 helmet (worn)
 s - the +4 ring mail "Dimal" (worn) {Str+2}
   (You found it on level 4 of the Dungeon)

   Str:       It affects your strength (+2).
Magical Staves
 d - a staff of death
 k - a staff of cold
Jewellery
 e - a ring of fire
Scrolls
 f - a scroll of enchant armour {unknown}
 j - a scroll of magic mapping {unknown}
 l - 2 scrolls of identify {unknown}
 o - 2 scrolls of fear {unknown}
 p - a scroll of teleportation {unknown}
Potions
 h - 2 potions of degeneration {unknown}
 i - a potion of cancellation
 n - 2 potions of mutation {unknown}
 q - a potion of heal wounds {unknown}
 r - a potion of brilliance {unknown}


   Skills:
 + Level 3.1 Fighting
 + Level 1.6 Long Blades
 * Level 3.0 Armour
 + Level 3.2 Dodging
 - Level 2.0 Stealth
 - Level 0.3 Shields
 + Level 3.3 Spellcasting
 + Level 2.4 Necromancy
 + Level 2.7 Transmutations
 * Level 4.8 Poison Magic


You had 7 spell levels left.
You knew the following spells:

 Your Spells              Type           Power      Damage    Failure   Level
a - Sting                 Tmut/Pois      68%        1d6       8%          1
b - Olgreb's Toxic Radia  Pois           21%        N/A       45%         4

Your spell library contained the following spells:

 Spells                   Type           Power      Damage    Failure   Level
 Poisonous Vapours        Pois/Air       24%        N/A       21%         2
 Mephitic Cloud           Conj/Pois/Air  9%         N/A       50%         3


Dungeon Overview and Level Annotations

Branches:
Dungeon (5/15)
 Temple: D:4-7

Altars:

Annotations:
D:4 2 transporters, Edmund; bearlyready's ghost, amateur MiHu
D:5 Blork the orc


Innate Abilities, Weirdness & Mutations

You have sharp toenails.
You are mostly covered in large bone plates. (SH +6)
A weak demonic guardian rushes to your aid.


Message History

Edmund is moderately wounded.
Blork the orc gestures at you while chanting.
The magic dart hits you.
Your quasit bites Edmund but does no damage.
Your quasit claws Edmund but does no damage.
Your quasit closely misses Edmund.
The ogre misses your quasit.
Blork the orc hits you but does no damage.
Edmund hits you with a +0 dire flail of protection.
Your quasit bites Edmund but does no damage.
Your quasit claws Edmund but does no damage. x2
You climb upwards.
Level annotation: 2 transporters, bearlyready's ghost, amateur MiHu
There is a stone staircase leading down here.
You block Edmund's attack. Blork the orc completely misses you.
Blork the orc gestures at you while chanting.
The magic dart hits you.
Blork the orc points at you and mumbles some strange words.
The magic dart hits you.
Casting: Olgreb's Toxic Radiance (quite dangerous; 45% risk of failure)
Confirm with . or Enter, or press ? or * to list all spells.
The spell is quite dangerous to cast (45% risk of failure)!
Continue anyway?
You miscast Olgreb's Toxic Radiance.
You are very lightly contaminated with residual magic.
Nothing appears to happen.
Edmund looks more healthy.
Blork the orc looks satisfied for a moment.
Blork the orc barely misses you. You block Blork the orc's attack.
Blork the orc hits you with a +0 dire flail.
You block Blork the orc's attack.
Your magical contamination has completely faded away.
There is a stone staircase leading down here.
Blork the orc screams, "I'll make a cloak from your skin!"
Blork the orc hits you with a +0 dire flail!
* * * LOW HITPOINT WARNING * * *
There is a stone staircase leading down, spattered with blood here.
Blork the orc hits you but does no damage.
You climb downwards.
The ogre hits you with a +0 giant spiked club!!
You die...

.# #.###..(........
...####..............#
#....#..##..........#
#..†...........>.. !
####.#.#........###
?..#####.........###.###
# # #.......#....#.##
### # #.#####..#.O..##.#
#........#@#..##.#
##.......Jo..###.#
##..[..>..#.# #..
#..........#
................#
..............#...
...(..............
..................
...J.............


You could see Blork the orc (fast), an ogre and a jelly.

Vanquished Creatures
  A water moccasin (D:5)
  2 necrophages (D:4)
  An ogre (D:4)
  A gnoll sergeant (D:5)
  A scorpion (D:4)
  2 jellies
  A bullfrog skeleton (D:5)
  Terence (D:3)
  Natasha (D:4)
  2 iguanas
  2 hound skeletons
  A howler monkey zombie (D:4)
  8 gnolls
  3 adders
  2 dart slugs
  7 orcs (D:4)
  6 ball pythons
  3 endoplasms
  2 giant cockroaches
  5 goblins
  8 hobgoblins
  6 jackals
  7 kobolds
  5 quokkas
  6 bats
  5 frilled lizards
  3 rats
92 creatures vanquished.

Vanquished Creatures (collateral kills)
  3 orcs (D:4)
3 creatures vanquished.

Grand Total: 95 creatures vanquished

Notes
Turn   | Place    | Note
-------+----------+-------------------------------------------
     0 | D:1      | vvl the Demonspawn Venom Mage began the quest for the Orb.
     0 | D:1      | Reached XP level 1. HP: 13/13 MP: 3/3
   267 | D:1      | Reached skill level 1 in Transmutations
   278 | D:1      | Gained mutation: You are partially covered in large bone
                  | plates. (SH +4) [demonic ancestry]
   278 | D:1      | Reached XP level 2. HP: 6/20 MP: 1/5
   674 | D:1      | Reached skill level 1 in Fighting
   865 | D:1      | Gained mutation: You are mostly covered in large bone
                  | plates. (SH +6) [demonic ancestry]
   865 | D:1      | Reached XP level 3. HP: 26/26 MP: 6/6
  1044 | D:1      | Found a faded altar of an unknown god.
  1835 | D:2      | Reached skill level 1 in Armour
  1882 | D:2      | Reached XP level 4. HP: 13/32 MP: 1/7
  2157 | D:2      | Reached skill level 1 in Long Blades
  2582 | D:3      | Noticed Terence
  2597 | D:3      | Killed Terence
  3564 | D:4      | Noticed a scorpion
  3571 | D:4      | Killed a scorpion
  3572 | D:4      | Gained mutation: A weak demonic guardian rushes to your
                  | aid. [demonic ancestry]
  3572 | D:4      | Reached XP level 5. HP: 20/38 MP: 2/8
  3832 | D:4      | Found a transporter.
  3832 | D:4      | Noticed bearlyready's ghost (amateur MiHu)
  3972 | D:4      | Noticed a necrophage
  3990 | D:4      | Killed a necrophage
  3991 | D:4      | Reached skill level 1 in Necromancy
  3991 | D:4      | Reached skill level 4 in Poison Magic
  3991 | D:4      | Gained mutation: You have sharp toenails. [demonic
                  | ancestry]
  3991 | D:4      | Reached XP level 6. HP: 18/44 MP: 8/10
  4251 | D:4      | Learned a level 4 spell: Olgreb's Toxic Radiance
  4937 | D:4      | Noticed Natasha
  4943 | D:4      | Killed Natasha
  4979 | D:4      | Found a transporter.
  5492 | D:4      | Reached XP level 7. HP: 48/51 MP: 6/11
  5674 | D:4      | Identified the +4 ring mail "Dimal" {Str+2}
  6353 | D:5      | Entered Level 5 of the Dungeon
  6782 | D:5      | Noticed Edmund
  6783 | D:5      | Noticed Blork the orc
  6820 | D:5      | Mangled by an ogre

Illustrated notes

Levels and vault maps discovered:
D:1:      wheals_arrival_shading, layout_loops_ring,
          hellmonk_ecumenical_altar_prayer_group, kennysheep_minor_cross,
          minmay_lizard_pond
D:2:      layout_loops_ring
D:3:      layout_basic, uniq_terence
D:4:      layout_layer_cave, gammafunk_ghost_arena, st_stairs_6,
          roderic_serpentine_path, uniq_natasha
D:5:      layout_rooms, kennysheep_mini_moat, led_sif_book,
          ebering_ghost_sewer_f, minivault_27, uniq_prince_ribbit1, uniq_edmund,
          uniq_blork_the_orc

Skill      XL: |  1  2  3  4  5  6  7 |
---------------+----------------------+-----
Transmutations | 1 2 |  2.7
Fighting       | 1 2 3 |  3.1
Armour         | 1 2 3 |  3.0
Long Blades    | 1 |  1.6
Dodging        | 2 3 |  3.2
Stealth        | 2 |  2.0
Necromancy     | 1 2 |  2.4
Poison Magic   | 4 |  4.8
Spellcasting   | 3 |  3.3
Shields        | |  0.3

Action                   |  1- 3 |  4- 6 |  7- 9 || total
-------------------------+-------+-------+-------++-------
Melee: Unarmed           |     9 |       |       ||     9
       Scimitar          |    75 |    99 |    35 ||   209
 Cast: Sting             |    34 |    63 |    19 ||   116
       Olgreb's Toxic Ra |       |       |     3 ||     3
  Use: Potion            |       |     2 |       ||     2
 Stab: Sleeping          |     2 |     2 |       ||     4
       Distracted        |       |     1 |       ||     1
Armor: Robe              |    33 |    42 |       ||    75
       Ring mail         |       |       |    17 ||    17
Dodge: Dodged            |    72 |    99 |    32 ||   203
Block: Other             |    37 |    35 |    25 ||    97
       Rpst.: Scimitar   |    16 |    24 |     7 ||    47
